AoeStats
← Aux Anschluss

Arabia

510379861Analyzed
2v2 RM · 2d ago on Sep 30, 2026· 32m 42s· 4 players
Game mode
Random Map
Map size
Medium (4 player)
Population
200
Speed
Normal
Resources
Standard
Victory
Conquest
Starting age
Dark Age
Ending age
Imperial Age
RankedLock teamsTeams togetherTeam positionsShared explorationLock speedFull tech treeHidden civsTurbo modeCheats
Victory
Defeat
🇦🇹 Persians · Austria
796
+15
🇦🇹 Italians · Austria
783
+16
🇮🇳 Burgundians · India
798
-16
🇧🇷 Khmer · Brazil
755
-15
Chinese Trade Bot
5:40 Loom
8:19 Feudal Age
13:19 Forging
14:52 Horse Collar
16:59 Scale Barding Armor
17:23 Bloodlines
20:00 Double-Bit Axe
24:19 Castle Age
26:10 Chain Barding Armor
26:28 Husbandry
28:08 Heavy Plow
28:21 Bow Saw
30:16 Wheelbarrow
31:41 Iron Casting
Aux Anschluss
11:01 Feudal Age
19:00 Horse Collar
19:17 Double-Bit Axe
22:08 Castle Age
23:25 Crossbowman
24:14 Thumb Ring
VCBlade
1:38 Loom
5:00 Double-Bit Axe
12:12 Wheelbarrow
14:02 Feudal Age
13:53 Horse Collar
17:27 Bow Saw
17:46 Gold Mining
18:11 Stone Mining
19:12 Hand Cart
20:28 Gold Shaft Mining
20:29 Stone Shaft Mining
19:59 Heavy Plow
24:39 Scale Mail Armor
24:50 Forging
24:31 Fletching
26:46 Castle Age
24:34 Town Watch
28:09 Pikeman
28:49 Squires
29:07 Chain Mail Armor
30:38 Bodkin Arrow
30:48 Padded Archer Armor
30:54 Scale Barding Armor
felipegaravaso
11:09 Feudal Age
Connection lost

Rejoining the realm…

Still unreachable

The connection could not be restored.

Session expired

The server has moved on; the page needs a fresh start.